 Dungeon Crawl Stone Soup version 0.31-a0-836-g3ceb0a68c4 (webtiles) character file.

Game seed: 4573215602484786246

149 Kurtz the Chopper (level 5, -1/36 HPs)
             Began as an Octopode Fighter on Sept 27, 2023.
             Shot with an arrow by a centaur (16 damage)
             ... on level 4 of the Dungeon.
             The game lasted 00:02:04 (3009 turns).

Kurtz the Chopper (Octopode Fighter)                Turns: 3009, Time: 00:02:05

Health: -1/36      AC:  1    Str: 15    XL:     5   Next: 31%
Magic:  5/5        EV: 13    Int: 10    God:
Gold:   119        SH:  5    Dex: 14    Spells: 4/4 levels left

rFire   . . .        s - +1 hand axe (flame)
rCold   . . .        b - +0 buckler
rNeg    . . .        (helmet restricted)
rPois   .            w - amulet of faith
rElec   .            (no ring)
rCorr   .            (no ring)
SInv    .            (no ring)
Will    .....        (no ring)
Stlth   ++           (no ring)
HPRegen 0.26/turn    (no ring)
MPRegen 0.09/turn    (no ring)
                     (no ring)

%: faith
@: no status effects
A: almost no armour, amphibious, 8 rings, camouflage 1, gelatinous body 1,
(nimble swimmer 1), tentacles
a: no special abilities


You were on level 4 of the Dungeon.
You visited 1 branch of the dungeon, and saw 4 of its levels.

You collected 269 gold pieces.
You spent 150 gold pieces at shops.

Inventory:

Hand Weapons
 a - a +0 war axe
 s - a +1 hand axe of flaming (weapon)
Missiles
 d - 5 curare-tipped darts
 u - 3 poisoned darts (quivered)
Armour
 b - a +0 buckler (worn)
Jewellery
 w - an amulet of faith (around mantle)
Wands
 o - a wand of flame (11)
Scrolls
 f - 2 scrolls of fog {unknown}
 h - 2 scrolls of noise {unknown}
 i - a scroll of amnesia {unknown}
 j - 2 scrolls of immolation {unknown}
 k - a scroll of poison {unknown}
 l - a scroll of fear {unknown}
 m - 2 scrolls of teleportation {unknown}
 n - 3 scrolls of identify {unknown}
Potions
 c - 3 potions of might
 e - a potion of ambrosia {unknown}
 g - 4 potions of curing
 p - a potion of mutation {unknown}
 q - a potion of heal wounds {unknown}
 r - a potion of haste {unknown}
 t - 2 potions of lignification {unknown}
 v - a potion of brilliance {unknown}


   Skills:
 - Level 3.0 Fighting
 * Level 5.3 Axes
 - Level 3.0 Dodging
 - Level 3.0 Shields


You had 4 spell levels left.
You didn't know any spells.
Your spell library was empty.

Dungeon Overview and Level Annotations

Branches:
Dungeon (4/15)
 Temple: D:4-7

Altars:
Nemelex Xobeh
Ru

Shops:
D:3 ![[(


Innate Abilities, Weirdness & Mutations

You cannot wear most types of armour.
You are amphibious.
You can wear up to eight rings at the same time.
Your skin changes colour to match your surroundings (Stealth+).
Your rubbery body absorbs attacks. (AC +1, EV +1)
((You are camouflaged when in or above water. (Stealth+)))
You have tentacles for arms and can constrict up to eight enemies at once.


Message History

Done exploring.
Done exploring.
There is a stone staircase leading down here.
You climb downwards.
Found a fuming green potion and a small fluorescent amulet.
There is a stone staircase leading up here.
v - a fuming green potion
w - an amulet of faith You start putting on your amulet.
You continue putting on your amulet of faith. x5
You finish putting on your amulet of faith.
You feel a strange surge of divine interest.
w - an amulet of faith (around mantle)
You now have 119 gold pieces (gained 5).
A hobgoblin comes into view.
The hobgoblin shouts!
You closely miss the hobgoblin. Your grab misses the hobgoblin.
Your squeeze misses the hobgoblin. You block the hobgoblin's attack.
You hit the hobgoblin. You burn the hobgoblin.
You kill the hobgoblin!
No target in view!
No target in view!
A ball python comes into view.
A ball python is nearby!
A ball python is nearby!
The helpless ball python fails to defend itself.
You hit the ball python. You burn the ball python.
You kill the ball python!
No target in view!
A quokka comes into view.
A quokka is nearby!
A quokka is nearby!
A centaur comes into view.
A quokka comes into view.
The centaur shouts!
The centaur wields a +0 orcbow.
The centaur shoots an arrow.
The arrow hits you!
The centaur shoots an arrow.
The arrow hits you. You block the quokka's attack.
The centaur shoots an arrow.
The arrow hits you!
You die...

..# .. ###
###.# ..
###..#..
#.##....##.##
#..#.r#r.#..#
#.##...c##†##
#..@..###...#
##.####...#.#
#..#...###.#
##...###...##
#†###...#..#
###...####.##
...# #..#
..##.# ##.##
.. .. #..#


You could see a centaur and 2 quokkas.

Vanquished Creatures
  Terence (D:3)
  2 adders (D:2)
  5 dart slugs
  9 ball pythons
  7 endoplasms
  2 giant cockroaches (D:1)
  10 goblins
  13 hobgoblins
  4 jackals (D:2)
  8 kobolds
  6 quokkas
  8 bats
  A frilled lizard (D:3)
  12 rats
88 creatures vanquished.

Notes
Turn   | Place    | Note
-------+----------+-------------------------------------------
     0 | D:1      | Kurtz the Octopode Fighter began the quest for the Orb.
     0 | D:1      | Reached XP level 1. HP: 16/16 MP: 1/1
     9 | D:1      | Noticed a bullfrog
   110 | D:1      | Reached XP level 2. HP: 19/21 MP: 2/2
   240 | D:1      | Reached skill level 3 in Axes
   368 | D:1      | Reached XP level 3. HP: 20/26 MP: 3/3
   950 | D:2      | Reached skill level 4 in Axes
  1004 | D:2      | Reached XP level 4. HP: 24/31 MP: 4/4
  1842 | D:3      | Found a sacrificial altar of Ru.
  2135 | D:3      | Found Faemop's Antique Weapon Shop.
  2155 | D:3      | Bought a runed hand axe for 150 gold pieces
  2325 | D:3      | Found Vupnailu's Antique Armour Shop.
  2375 | D:3      | Reached skill level 5 in Axes
  2409 | D:3      | Noticed Terence
  2410 | D:3      | Found a sparkling altar of Nemelex Xobeh.
  2415 | D:3      | Killed Terence
  2416 | D:3      | Reached XP level 5. HP: 35/36 MP: 5/5
  2434 | D:3      | Found Huze's Distillery.
  2505 | D:3      | Found Vost's Armour Emporium.
  3005 | D:4      | Noticed a centaur
  3009 | D:4      | Shot with an arrow by a centaur

Illustrated notes

Levels and vault maps discovered:
D:1:      evilmike_arrival_come_back, layout_loops_ring,
          minmay_misc_feat_secret_circle, minmay_hedge_maze, minmay_hexomino_f4
D:2:      minmay_angry_zag, layout_loops_ring, minmay_bisected
D:3:      minmay_wonky_spiral, layout_basic, nemelex_altar_shiori,
          nicolae_ru_sacrificial_ziggurat, serial_shops,
          nicolae_shop_tiny_statue_garden, nicolae_shop_gibbet_a_chance, shop,
          nicolae_shop_waterfront, grunt_ministairs_8, mrwooster_statue_mirror,
          uniq_terence
D:4:      minmay_skewed_foursquare, layout_loops_corners,
          mainiacjoe_overflow_alcove_2, kennysheep_mini, tso_oasis_becter,
          minmay_temple_entry_gardened_gates

Skill      XL: |  1  2  3  4 |
---------------+-------------+-----
Axes           | 3 4 5 |  5.3
Fighting       | |  3.0
Dodging        | |  3.0
Shields        | |  3.0

Action                     |  1- 3 |  4- 6 || total
---------------------------+-------+-------++-------
  Melee: War axe           |    66 |    52 ||   118
         Constrict         |    19 |    15 ||    34
         Tentacles         |     9 |    18 ||    27
         Punch             |     1 |     1 ||     2
         Hand axe          |       |    30 ||    30
    Use: Potion            |       |     2 ||     2
   Stab: Sleeping          |    12 |     9 ||    21
 Armour: Skin              |    22 |    30 ||    52
  Dodge: Dodged            |    48 |    47 ||    95
  Block: Buckler           |     9 |    16 ||    25

Table legend: (Time is in decaauts)
 A = Elapsed time spent in this place.
 B = Non-inter-level travel time spent in this place.
 C = Inter-level travel time spent in this place.
 D = Time resting spent in this place.
 E = Time spent auto-exploring this place.
 F = Levels seen in this place.
 G = Mean time per level.
                   A        B        C        D        E       F      G
               +--------+--------+--------+--------+--------+-----+--------+
         Total |   3051 |   2969 |     82 |    471 |   1944 |   4 |  762.8 |
       Dungeon |   3051 |   2969 |     82 |    471 |   1944 |   4 |  762.8 |
               +--------+--------+--------+--------+--------+-----+--------+

Top non-repeatable levels by time:
     D:3: 1198 daAuts
     D:2: 955 daAuts
     D:1: 828 daAuts
     D:4: 68 daAuts
